 Dungeon Crawl Stone Soup version 0.28.0 (webtiles) character file.

Game seed: 9240133237939961683

6101 enile the Fighter (level 10, 0/82 HPs)
             Began as a Demonspawn Gladiator on Feb 14, 2022.
             Was a High Priest of Qazlal.
             Slain by an eight-headed hydra (8 damage)
             ... on level 2 of the Lair of Beasts.
             The game lasted 00:24:08 (14917 turns).

enile the Fighter (Demonspawn Gladiator)           Turns: 14917, Time: 00:24:09

Health: 0/82       AC: 22    Str: 15    XL:     10   Next: 58%
Magic:  15/16      EV: 13    Int: 19    God:    Qazlal [*****.]
Gold:   235        SH: 11    Dex: 15    Spells: 13/17 levels left

rFire   . . .      SeeInvis .   z - +0 war axe (freeze)
rCold   . . .      Faith    .   D - orb {mayhem}
rNeg    . . .      Spirit   .   P - +0 troll leather armour
rPois   .          Reflect  +   q - +0 hat
rElec   .          Harm     .   M - scarf {repulsion}
rCorr   .          Rampage  .   (no gloves)
Will    .....                   E - +2 pair of boots
Stlth   +.........              g - amulet of reflection
HPRegen 1.03/turn               S - +6 ring of intelligence
MPRegen 0.15/turn               T - ring of wizardry

@: protected from physical damage, sanguine armoured, repel missiles
A: claws 1, sanguine armour 3, demonic magic 1
a: Renounce Religion, Upheaval, Elemental Force, Disaster Area


You were on level 2 of the Lair of Beasts.
You worshipped Qazlal.
Qazlal was extremely pleased with you.
You visited 2 branches of the dungeon, and saw 13 of its levels.

You collected 585 gold pieces.
You spent 350 gold pieces at shops.

Inventory:

Hand Weapons
 a - a +0 quarterstaff
 z - a +0 war axe of freezing (weapon)
Missiles
 y - 36 poisoned darts
 N - 4 silver boomerangs
Armour
 b - a +0 leather armour
 c - a +0 helmet
 o - a +0 tower shield
 q - a +0 hat (worn)
 D - an orb of mayhem (worn)
 E - a +2 pair of boots (worn)
 M - a scarf of repulsion (worn)
 P - a +0 troll leather armour (worn)
 R - the +0 ring mail of Sashah {rElec Str+5 Int+4}
   (You found it on level 9 of the Dungeon)

   Str:       It affects your strength (+5).
   Int:       It affects your intelligence (+4).
   rElec:     It insulates you from electricity.
 W - +0 steam dragon scales
Jewellery
 d - a ring of fire
 e - a +6 ring of strength
 g - an amulet of reflection (around neck)
 B - an amulet of guardian spirit
 L - a ring of magical power
 S - a +6 ring of intelligence (left claw)
 T - a ring of wizardry (right claw)
 X - a ring of willpower
Wands
 k - a wand of mindburst (1) (quivered)
 n - a wand of paralysis (10)
 s - a wand of flame (18)
 u - a wand of acid (3)
 O - a wand of iceblast (12)
 Q - a wand of digging (8)
Scrolls
 l - a scroll of vulnerability
 m - a scroll of holy word
 p - a scroll of brand weapon
 r - 6 scrolls of fog
 v - 2 scrolls of immolation
 w - 4 scrolls of amnesia
 A - 4 scrolls of fear
 J - 2 scrolls of noise {unknown}
 Y - a scroll of blinking {unknown}
 Z - a scroll of acquirement {unknown}
Potions
 f - 4 potions of degeneration
 h - 6 potions of curing
 i - 4 potions of lignification {unknown}
 j - 3 potions of heal wounds
 t - 6 potions of brilliance
 x - a potion of ambrosia {unknown}
 C - a potion of haste {unknown}
 F - a potion of flight
 G - a potion of might
 H - a potion of cancellation {unknown}
 I - 2 potions of berserk rage {unknown}
 K - a potion of resistance {unknown}
 V - a potion of magic {unknown}


   Skills:
 + Level 8.9 Fighting
 - Level 5.0 Axes
 - Level 2.7 Staves
 - Level 3.0 Throwing
 - Level 3.0 Armour
 - Level 5.0 Dodging
 - Level 4.0 Spellcasting
 - Level 3.0 Conjurations
 - Level 5.0 Fire Magic
 - Level 7.0 Invocations
 - Level 4.0 Evocations


You had 13 spell levels left.
You knew the following spells:

 Your Spells              Type           Power      Damage    Failure   Level
a - Foxfire               Conj/Fire      76%        2x1d7     1%          1
b - Inner Flame           Hex/Fire       13%        N/A       8%          3

Your spell library contained the following spells:

 Spells                   Type           Power      Damage    Failure   Level
 Conjure Flame            Conj/Fire      19%        6-21      4%          3
 Flame Wave               Conj/Fire      19%        2d6       13%         4
 Ozocubu's Armour         Ice            3%         N/A       21%         3
 Metabolic Englaciation   Hex/Ice        1%         N/A       86%         5
 Dispersal                Tloc           1%         N/A       100%        6
 Simulacrum               Ice/Necr       1%         N/A       100%        6
 Disjunction              Tloc           1%         N/A       100%        8


Dungeon Overview and Level Annotations

Branches:
Dungeon (11/15)            Temple (0/1) D:4            Lair (2/6) D:9
  Swamp: Lair:2-4    Shoals: Lair:2-4     Snake: Lair:2-4    Spider: Lair:2-4
    Orc: D:9-12

Altars:
Ashenzari
Cheibriados
Elyvilon
Gozag
Okawaru
Qazlal
Sif Muna
Uskayaw
Xom
Yredelemnul

Shops:
D:5 ![*   D:6 [   D:8 *

Annotations:
D:8 Harold
D:9 tenguboy
Lair:1 3 runed translucent doors


Innate Abilities, Weirdness & Mutations

You have sharp fingernails.
When seriously injured, your blood forms very thick armour. (AC +12)
Spells you cast may paralyse adjacent enemies.


Message History

Confirm with . or Enter, or press ? or * to list all spells.
You conjure some foxfire!
Malevolent energies surge around you. The eight-headed hydra misses you.
The eight-headed hydra completely misses you.
You block the eight-headed hydra's attack.
The eight-headed hydra bites you but does no damage.
The eight-headed hydra bites you!
The eight-headed hydra bites you but does no damage.
You block the eight-headed hydra's attack.
The eight-headed hydra closely misses you.
The rime drake barely misses you.
The foxfire hits the eight-headed hydra.
The eight-headed hydra is severely wounded.
The foxfire hits the eight-headed hydra.
The eight-headed hydra is severely wounded.
The eight-headed hydra bites you but does no damage.
The eight-headed hydra bites you!
* * * LOW HITPOINT WARNING * * *
You block the eight-headed hydra's attack.
The eight-headed hydra bites you.
* * * LOW HITPOINT WARNING * * *
You feel protected from physical attacks.
You block the eight-headed hydra's attack.
The eight-headed hydra bites you but does no damage.
The eight-headed hydra bites you!
* * * LOW HITPOINT WARNING * * *
The eight-headed hydra closely misses you.
The rime drake bites you but does no damage.
Okay, then.
As you read the scroll of fear, it crumbles to dust.
You assume a fearsome visage.
The rime drake easily resists.
The eight-headed hydra resists with some effort.
The rime drake bites you but does no damage.
The eight-headed hydra closely misses you.
The eight-headed hydra bites you.
* * * LOW HITPOINT WARNING * * *
You block the eight-headed hydra's attack. x2
The eight-headed hydra closely misses you.
The eight-headed hydra bites you!
You die...

#P..........####..........#
#..........#.#.....###..##
#..................# ###
#..................#
#..................#
##................#..P#
###...?...####○°○..##......
..........# #P.Dk.####.....
..........# #.○.@.# .....
..........# ##...§# .....
..........# #....# ....
......)...# #P....P
..........##.......#
..........####....##
....###..#####....#
##P.#....# ##........#


You could see an eight-headed hydra and a rime drake.

Vanquished Creatures
  A manticore (D:11)
  A komodo dragon (Lair:2)
  A hornet (D:9)
  A wyvern (D:7)
  A shadow (D:9)
  4 yaks
  A wraith (D:10)
  2 steam dragons
  Menkaure (D:4)
  An acid dragon (D:10)
  A water moccasin (D:9)
  2 ice beasts
  An orc warrior (D:8)
  4 black bears (D:9)
  3 ogres
  3 necrophages
  3 centaurs
  3 kobold brigands
  A bullfrog (Lair:2)
  5 scorpions
  2 water moccasin skeletons
  An electric eel (D:10)
  2 howler monkeys
  2 bullfrog zombies
  A centaur zombie (D:9)
  5 orc priests
  A bullfrog skeleton (D:5)
  4 iguanas
  6 orc wizards
  2 killer bee zombies
  A hound skeleton (D:5)
  6 gnolls
  13 adders
  2 ufetubi
  A worm (D:3)
  A dart slug (D:4)
  17 orcs
  5 ball pythons
  11 endoplasms
  A giant cockroach (D:3)
  8 goblins
  11 hobgoblins
  6 jackals (D:1)
  4 quokkas
  12 bats
  8 frilled lizards
  15 kobolds
  5 rats
  38 foxfires
231 creatures vanquished.

Vanquished Creatures (collateral kills)
  2 yaks (D:10)
  A water moccasin (D:9)
  2 orc warriors (D:9)
  A scorpion (D:9)
  A centaur zombie (D:9)
  An orc wizard (D:9)
  A howler monkey zombie (D:8)
  2 gnolls
  3 orcs
  A kobold (D:8)
  7 foxfires
22 creatures vanquished.

Vanquished Creatures (others)
  A yak (D:10)
  A water moccasin (D:9)
  A gnoll shaman (D:8)
  2 orcs (D:9)
  A kobold (D:5)
  707 foxfires
  23 fungi (D:9)
  22 plants
758 creatures vanquished.

Grand Total: 1011 creatures vanquished

Notes
Turn   | Place    | Note
-------+----------+-------------------------------------------
     0 | D:1      | enile the Demonspawn Gladiator began the quest for the Orb.
     0 | D:1      | Reached XP level 1. HP: 16/16 MP: 1/1
   280 | D:1      | Gained mutation: Spells you cast may paralyse adjacent
                  | enemies. [demonic ancestry]
   280 | D:1      | Reached XP level 2. HP: 23/23 MP: 2/2
   426 | D:1      | Reached skill level 3 in Fighting
   636 | D:1      | Found a faded altar of an unknown god.
   826 | D:1      | Prayed at the altar of an unknown god.
   826 | D:1      | Became a worshipper of Qazlal Stormbringer
   826 | D:1      | Reached * piety under Qazlal
   911 | D:1      | Gained mutation: When seriously injured, your blood forms
                  | armour. (AC +12) [demonic ancestry]
   911 | D:1      | Reached XP level 3. HP: 27/29 MP: 3/3
  1149 | D:2      | Reached skill level 4 in Fighting
  1368 | D:2      | Reached skill level 1 in Spellcasting
  1368 | D:2      | Gained mutation: When seriously injured, your blood forms
                  | thick armour. (AC +12) [demonic ancestry]
  1368 | D:2      | Reached XP level 4. HP: 37/37 MP: 3/5
  1413 | D:2      | Reached ** piety under Qazlal
  1724 | D:2      | Learned a level 1 spell: Foxfire
  2051 | D:2      | Gained mutation: When seriously injured, your blood forms
                  | very thick armour. (AC +12) [demonic ancestry]
  2051 | D:2      | Reached XP level 5. HP: 43/43 MP: 6/6
  2167 | D:2      | Reached skill level 5 in Fighting
  2921 | D:3      | Reached skill level 1 in Fire Magic
  3570 | D:4      | Found a staircase to the Ecumenical Temple.
  3653 | D:4      | Reached XP level 6. HP: 19/51 MP: 0/9
  4255 | D:4      | Reached *** piety under Qazlal
  4256 | D:4      | Reached skill level 6 in Fighting
  4263 | D:4      | Reached skill level 1 in Conjurations
  4263 | D:4      | Reached XP level 7. HP: 20/58 MP: 2/10
  4494 | D:4      | Found a basalt altar of Yredelemnul.
  4608 | D:4      | Found an opulent altar of Gozag.
  4631 | D:4      | Found an iron altar of Okawaru.
  4891 | D:4      | Noticed Menkaure
  4905 | D:4      | Killed Menkaure
  4906 | D:4      | Reached skill level 1 in Axes
  5403 | D:5      | Entered Level 5 of the Dungeon
  5677 | D:5      | Found a shimmering blue altar of Sif Muna.
  5723 | D:5      | Reached skill level 5 in Fire Magic
  5942 | D:5      | Reached XP level 8. HP: 64/64 MP: 6/12
  6138 | D:5      | Found Sees's Distillery.
  6164 | D:5      | Reached skill level 1 in Evocations
  6333 | D:5      | Bought a potion of curing for 30 gold pieces
  6333 | D:5      | Bought a potion of brilliance for 40 gold pieces
  6333 | D:5      | Bought a potion of heal wounds for 50 gold pieces
  6333 | D:5      | Bought a potion of flight for 30 gold pieces
  6333 | D:5      | Bought a potion of curing for 30 gold pieces
  6333 | D:5      | Bought a potion of curing for 30 gold pieces
  6605 | D:5      | Found Ytelipp's General Store.
  6621 | D:5      | Bought a potion of might for 44 gold pieces
  6633 | D:5      | Found Fasubuf's Armour Boutique.
  7133 | D:6      | Reached skill level 1 in Invocations
  7522 | D:6      | Found Ighohut's Antique Armour Shop.
  8747 | D:7      | Reached skill level 7 in Fighting
  9113 | D:7      | Found a snail-covered altar of Cheibriados.
  9230 | D:7      | Gained mutation: You have sharp fingernails. [demonic
                  | ancestry]
  9230 | D:7      | Reached XP level 9. HP: 64/72 MP: 9/13
  9763 | D:8      | Reached **** piety under Qazlal
  9787 | D:8      | Reached skill level 5 in Invocations
  9914 | D:8      | Found a broken altar of Ashenzari.
  9924 | D:8      | Noticed Harold
 10174 | D:8      | Paralysed by Harold for 5 turns
 10198 | D:8      | Paralysed by Harold for 7 turns
 11508 | D:8      | Found a hide-covered altar of Uskayaw.
 11891 | D:8      | Found Fuit's Assorted Antiques.
 11900 | D:8      | Bought a scroll labelled PAOKUS XETUL for 32 gold pieces
 11900 | D:8      | Bought a scroll labelled ITONIXO COVODU for 32 gold pieces
 11900 | D:8      | Bought a scroll labelled QOEZ RUPLIL for 32 gold pieces
 11991 | D:8      | Found a shimmering altar of Xom.
 12151 | D:8      | Noticed a green ugly thing
 12377 | D:9      | Paralysed by a hornet for 2 turns
 12384 | D:9      | Paralysed by a hornet for 2 turns
 12391 | D:9      | Reached skill level 5 in Axes
 12502 | D:9      | Reached skill level 8 in Fighting
 12508 | D:9      | Identified the +0 ring mail of Sashah {rElec Str+5 Int+4}
 12562 | D:9      | Reached skill level 1 in Armour
 12614 | D:9      | Found a staircase to the Lair.
 12964 | D:9      | Reached XP level 10. HP: 69/80 MP: 16/16
 13060 | D:9      | Noticed a tengu warrior
 13238 | D:10     | Entered Level 10 of the Dungeon
 13316 | D:10     | Reached ***** piety under Qazlal
 13320 | D:10     | Reached skill level 5 in Dodging
 13865 | D:9      | Found the +18 Lear's hauberk
 14380 | D:10     | Learned a level 3 spell: Inner Flame
 14550 | D:11     | Noticed a manticore
 14564 | D:11     | Killed a manticore
 14713 | Lair:1   | Entered Level 1 of the Lair of Beasts
 14713 | Lair:1   | Noticed a seven-headed hydra
 14741 | Lair:1   | Found a runed translucent gate.
 14741 | Lair:1   | Found a runed translucent gate.
 14741 | Lair:1   | Found a runed translucent gate.
 14808 | Lair:2   | Noticed a five-headed hydra
 14865 | Lair:2   | Noticed an eight-headed hydra
 14917 | Lair:2   | Slain by an eight-headed hydra

Illustrated notes

Levels and vault maps discovered:
D:1:      dpeg_arrival_boxorama, layout_basic, chequers_ecumenical_altar_twisty
D:2:      layout_basic, minmay_divided_ellipse
D:3:      layout_rooms, serial_forest, infiniplex_forest_clump_tiny,
          infiniplex_forest_corner_1, infiniplex_forest_straight_3,
          infiniplex_forest_split, infiniplex_forest_zigzag_2,
          infiniplex_forest_end_2, infiniplex_forest_zigzag_1,
          infiniplex_forest_zigzag_1
D:4:      layout_loops_corners, grunt_temple_overflow_open,
          minmay_temple_entry_large_hall, hex_tiny, minmay_circle_x,
          uniq_menkaure
D:5:      layout_loops_ring, mainiacjoe_overflow_brackets, serial_shops,
          nicolae_shop_trees, nicolae_shop_hallway_plus, shop
D:6:      layout_gridville, serial_shops, nicolae_shop_crystal
D:7:      layout_loops_cross, kennysheep_flooded_box
D:8:      minmay_tri_box, layout_basic, lemuel_tele_altar, old_standard_altar,
          mainiacjoe_overflow_six_doors_small, serial_shops,
          nicolae_shop_temple_entry_statues_fountains, uniq_harold
D:9:      layout_roguey, due_lair_maze_entry_diamond, minmay_crystal_water,
          hellmonk_guarded_unrand_lears
D:10:     layout_loops_corners, water_maze_lemuel
D:11:     layout_cave_pools, guppyfry_shop_venom
Lair:1:   layout_cave_shapes, maelrawn_ghost_gauntlet_escape
Lair:2:   layout_cellular_growth

Skill      XL: |  1  2  3  4  5  6  7  8  9 10 |
---------------+-------------------------------+-----
Fighting       | 3 4 5 6 7 8 |  8.9
Spellcasting   | 1 2 3 4 |  4.0
Fire Magic     | 2 3 5 |  5.0
Conjurations   | 1 2 3 |  3.0
Axes           | 1 2 5 |  5.0
Evocations     | 2 4 |  4.0
Invocations    | 4 5 7 |  7.0
Dodging        | 4 5 |  5.0
Throwing       | 3 |  3.0
Armour         | 3 |  3.0
Staves         | |  2.7

Action                   |  1- 3 |  4- 6 |  7- 9 | 10-12 || total
-------------------------+-------+-------+-------+-------++-------
Melee: Quarterstaff      |    88 |    96 |       |       ||   184
       War axe           |       |       |   129 |    60 ||   189
Throw: Throwing net      |       |     3 |     5 |     4 ||    12
       Dart              |       |       |    14 |       ||    14
       Boomerang         |       |       |     7 |     1 ||     8
 Cast: Foxfire           |       |    69 |   322 |    70 ||   461
       Inner Flame       |       |       |       |     2 ||     2
Evoke: Wand              |       |       |     3 |     2 ||     5
  Use: Scroll            |       |       |     8 |     6 ||    14
       Potion            |       |       |     3 |     1 ||     4
 Stab: Paralysed         |       |    10 |    29 |    14 ||    53
       Held in net/web   |       |     2 |     4 |       ||     6
Armor: Leather armour    |    27 |    23 |    33 |       ||    83
       Troll leather arm |       |       |    20 |    69 ||    89
Dodge: Dodged            |    51 |    61 |   124 |    84 ||   320
       Repelled          |       |       |     6 |     5 ||    11
Block: Other             |     1 |    31 |       |       ||    32
       Reflection        |       |     2 |    12 |     1 ||    15
       Orb               |       |       |   153 |   102 ||   255
